 Dungeon Crawl Stone Soup version 0.28.0 (webtiles) character file.

Game seed: 16982163550246613790

152 Haiku the Skirmisher (level 5, 0/46 HPs)
             Began as a Draconian Monk on Feb 9, 2022.
             Was a Believer of Qazlal.
             Killed by divine providence
             ... invoked by an orc priest
              (14 damage)
             ... on level 3 of the Dungeon.
             The game lasted 00:13:27 (2365 turns).

Haiku the Skirmisher (Draconian Monk)               Turns: 2365, Time: 00:13:28

Health: 0/46       AC:  5    Str: 21    XL:     5   Next: 11%
Magic:  2/5        EV: 13    Int: 10    God:    Qazlal [**....]
Gold:   62         SH:  3    Dex: 14    Spells: 4/4 levels left

rFire   . . .      SeeInvis .   a - +8 club
rCold   . . .      Faith    .   (no shield)
rNeg    . . .      Spirit   .   (armour unavailable)
rPois   .          Reflect  .   (helmet restricted)
rElec   .          Harm     .   (no cloak)
rCorr   .          Rampage  .   (no gloves)
Will    .....                   (no boots)
Stlth   ++........              (no amulet)
HPRegen 0.15/turn               b - +6 ring of strength
MPRegen 0.09/turn               (no ring)

@: attractive
A: AC +5, unfitting armour, cold-blooded
a: Renounce Religion, Upheaval


You were on level 3 of the Dungeon.
You worshipped Qazlal.
Qazlal was pleased with you.
You visited 1 branch of the dungeon, and saw 3 of its levels.

You collected 62 gold pieces.

Inventory:

Hand Weapons
 a - a +8 club (weapon)
 g - a +1 hunting sling
Missiles
 e - 27 sling bullets
Jewellery
 b - a +6 ring of strength (left hand)
 c - an amulet of magic regeneration
Potions
 h - a potion of invisibility {unknown}


   Skills:
 + Level 4.2 Fighting
 * Level 0.7 Maces & Flails
 * Level 2.0 Slings
 + Level 3.1 Dodging
 + Level 2.4 Stealth
 + Level 3.6 Unarmed Combat
 + Level 0.4 Invocations


You had 4 spell levels left.
You didn't know any spells.
Your spell library was empty.

Dungeon Overview and Level Annotations

Branches:
Dungeon (3/15)

Altars:
Fedhas
Hepliaklqana
Qazlal
Ru
Zin
The Shining One

Shops:
D:1 !


Innate Abilities, Weirdness & Mutations

Your plain brown scales are hard. (AC +5)
You cannot fit into any form of body armour.
You are cold-blooded and may be slowed by cold attacks.


Message History

The blast of magma engulfs the goblin!
You kill the goblin!
Qazlal accepts your kill.
You hear a shout!
The orc hits you but does no damage. The orc wizard is attracted toward you.
The orc wizard is engulfed in blazing flames.
The orc wizard mumbles some strange words.
The orc wizard flickers and vanishes!
Deactivating autopickup; reactivate with Ctrl-A.
An orc comes into view. It is wielding a +0 club.
Something is attracted toward you. The orc is attracted toward you.
Unknown command.
Qazlal accepts your kill.
Reactivating autopickup.
You feel a bit more experienced.
Your Slings skill increases to level 2!
You have reached level 5!
The orc is attracted toward you. The orc is attracted toward you.
A ball python comes into view.
The orc is attracted toward you. The goblin is attracted toward you.
The ball python is attracted toward you.
The ball python hisses angrily.
The ball python is attracted toward you.
The ball python bites you. You block the ball python's attack.
The goblin is engulfed in blazing flames.
You kill the goblin!
Qazlal accepts your kill. You block the ball python's attack.
The ball python misses you.
An orc priest comes into view. It is wielding a +0 hand axe.
The orc priest shouts!
The orc priest invokes the aid of Beogh against you.
Beogh smites you! The orc priest is attracted toward you.
The orc priest invokes the aid of Beogh against you.
Beogh smites you! The orc is attracted toward you.
The orc priest is attracted toward you. The orc is attracted toward you.
The orc priest invokes the aid of Beogh against you.
Beogh smites you!
You die...

..............)........
######.)##.#########.#
#.§...##§####
#..###........ .§..
##§..##### ###
###.oS...# #...oo##....
####.##..######
.......@.......
#######..###### #.##
#.# ###


You could see an orc priest, 2 orcs and a ball python.

Vanquished Creatures
  An orc wizard (D:3)
  Jessica (D:2)
  Terence (D:2)
  3 adders
  2 dart slugs
  2 worms
  An orc (D:3)
  4 endoplasms
  3 goblins
  4 hobgoblins
  2 quokkas
  4 ball pythons
  3 bats
  2 frilled lizards
  5 kobolds
  4 rats
42 creatures vanquished.

Notes
Turn   | Place    | Note
-------+----------+-------------------------------------------
     0 | D:1      | Haiku the Draconian Monk began the quest for the Orb.
     0 | D:1      | Reached XP level 1. HP: 19/19 MP: 1/1
   546 | D:1      | Reached XP level 2. HP: 26/26 MP: 2/2
   679 | D:1      | Found Bijapnod's Distillery.
  1144 | D:2      | Noticed Jessica
  1158 | D:2      | Killed Jessica
  1159 | D:2      | Reached XP level 3. HP: 5/33 MP: 3/3
  1603 | D:2      | Found a faded altar of an unknown god.
  1606 | D:2      | Prayed at the altar of an unknown god.
  1606 | D:2      | Became a worshipper of Qazlal Stormbringer
  1606 | D:2      | Reached * piety under Qazlal
  1606 | D:2      | Reached ** piety under Qazlal
  1963 | D:2      | Reached skill level 4 in Fighting
  2014 | D:2      | Reached XP level 4. HP: 39/40 MP: 4/4
  2114 | D:2      | Noticed Terence
  2124 | D:2      | Killed Terence
  2295 | D:3      | Found a sacrificial altar of Ru.
  2295 | D:3      | Found a glowing silver altar of Zin.
  2295 | D:3      | Found a hazy altar of Hepliaklqana.
  2306 | D:3      | Found a blossoming altar of Fedhas.
  2306 | D:3      | Found a stormy altar of Qazlal.
  2307 | D:3      | Found a glowing golden altar of the Shining One.
  2311 | D:3      | Reached skill level 1 in Slings
  2354 | D:3      | Reached XP level 5. HP: 40/46 MP: 1/5
  2365 | D:3      | Killed from afar by an orc priest

Illustrated notes

Levels and vault maps discovered:
D:1:      lemuel_arrival_broad_hall, layout_basic, serial_shops,
          nicolae_shop_crystal
D:2:      layout_basic, hellmonk_ecumenical_altar_heavens_door,
          minmay_tromino_v7, uniq_jessica, uniq_terence
D:3:      layout_rooms, grunt_temple_overflow_open, st_stairs_10

Skill      XL: |  1  2  3  4 |
---------------+-------------+-----
Stealth        | 2 |  2.4
Dodging        | 3 |  3.1
Fighting       | 4 |  4.2
Slings         | 2 |  2.0
Maces & Flails | |  0.7
Unarmed Combat | |  3.6
Invocations    | |  0.4

Action                   |  1- 3 |  4- 6 || total
-------------------------+-------+-------++-------
Melee: Unarmed           |    59 |       ||    59
       Tailslap          |     9 |     1 ||    10
       Punch             |     3 |       ||     3
       Club              |     7 |     9 ||    16
 Fire: Hunting sling     |    16 |    20 ||    36
Invok: Upheaval          |     1 |     3 ||     4
  Use: Potion            |     3 |     2 ||     5
       Scroll            |     2 |     2 ||     4
 Stab: Sleeping          |     6 |       ||     6
Armor: Skin              |    17 |     4 ||    21
Dodge: Dodged            |    40 |    18 ||    58
Block: Other             |       |     4 ||     4
